 Dungeon Crawl Stone Soup version 0.30-a0-137-gd8773701ce (webtiles) character file.

Game seed: 14102642402656751801

74 jimonade the Shooter (level 4, -10/24 HPs)
             Began as a Deep Elf Hexslinger on Sept 21, 2022.
             Mangled by a kobold
             ... wielding a +2 short sword of electrocution
              (15 damage)
             ... on level 2 of the Dungeon.
             The game lasted 00:02:33 (2125 turns).

jimonade the Shooter (Deep Elf Hexslinger)          Turns: 2125, Time: 00:02:33

Health: -10/24     AC:  6    Str:  7    XL:     4   Next: 10%
Magic:  8/8        EV: 13    Int: 18    God:
Gold:   67         SH:  0    Dex: 17    Spells: 5/6 levels left

rFire   . . .      SeeInvis .    a - +1 sling
rCold   . . .      Faith    .    (no shield)
rNeg    . . .      Spirit   .    c - +0 robe
rPois   .          Reflect  .    (no helmet)
rElec   .          Harm     .    (no cloak)
rCorr   +          Rampage  .    (no gloves)
Will    .....                    (no boots)
Stlth   ++........               (no amulet)
HPRegen 0.08/turn                f - +4 ring of protection
MPRegen 0.11/turn                m - ring of resist corrosion

@: no status effects
A: no striking features
a: no special abilities


You were on level 2 of the Dungeon.
You visited 1 branch of the dungeon, and saw 2 of its levels.

You collected 67 gold pieces.

Inventory:

Hand Weapons
 a - a +1 sling (weapon)
Armour
 c - a +0 robe (worn)
 l - a +0 ring mail
Magical Staves
 o - a staff of earth
Jewellery
 f - a +4 ring of protection (left hand)
 m - a ring of resist corrosion (right hand)
Scrolls
 b - a scroll of poison
 d - 3 scrolls of identify {unknown}
 e - a scroll of brand weapon {unknown}
 g - a scroll of butterflies {unknown}
 q - a scroll of magic mapping {unknown}
 r - a scroll of enchant weapon {unknown}
Potions
 h - a potion of attraction {unknown}
 i - a potion of degeneration {unknown}
 j - a potion of experience {unknown}
 k - a potion of curing {unknown}
 n - 2 potions of berserk rage {unknown}
 p - a potion of lignification {unknown}


   Skills:
 - Level 0.7 Fighting
 + Level 5.4 Ranged Weapons
 - Level 2.4 Dodging
 + Level 1.5 Spellcasting
 * Level 4.6 Hexes


You had 5 spell levels left.
You knew the following spells:

 Your Spells              Type           Power      Damage    Failure   Level
a - Slow                  Hex            68%        N/A       3%          1

Your spell library contained the following spells:

 Spells                   Type           Power      Damage    Failure   Level
 Inner Flame              Hex/Fire       9%         N/A       22%         3
 Portal Projectile        Hex/Tloc       18%        N/A       22%         3
 Cause Fear               Hex            8%         N/A       28%         4


Dungeon Overview and Level Annotations

Branches:
Dungeon (2/15)

Altars:


Message History

Confirm with . or Enter, or press ? or * to list all spells.
Aiming: Slow (safe; 3% risk of failure)
Press: ? - help, Shift-Dir - straight line, f - adder
Aim: an adder (asleep, chance to affect: 65%)
The adder seems to slow down.
You shoot a sling bullet.
The sling bullet hits the adder but does no damage.
You hear a shout!
You shoot a sling bullet. The sling bullet hits the adder!
The adder is severely wounded.
You shoot a sling bullet.
The sling bullet closely misses the adder.
A kobold comes into view.
It is wielding a +2 short sword of electrocution.
You shoot a sling bullet. The sling bullet misses the adder.
The adder barely misses you.
You shoot a sling bullet. The sling bullet hits the adder.
The adder is severely wounded.
The adder bites you but does no damage. The kobold barely misses you.
You shoot a sling bullet.
The sling bullet barely misses the adder.
The adder closely misses you. The kobold closely misses you.
You shoot a sling bullet. The sling bullet misses the adder.
The kobold barely misses you. The adder barely misses you.
You shoot a sling bullet.
The sling bullet closely misses the adder.
The kobold hits you but does no damage.
You are electrocuted!!
Ouch! That really hurt!
* * * LOW HITPOINT WARNING * * *
The adder closely misses you.
You are too injured to fight recklessly!
You are too injured to fight recklessly!
You are too injured to fight recklessly!
Fire: a) +1 sling
Press: ? - help, Q - select action, (/) - cycle Shift-Dir - straight line, f/p - adder
Aim: an adder (severely wounded, slow, 42% to hit)
You shoot a sling bullet.
The sling bullet closely misses the adder.
The kobold hits you but does no damage.
You are electrocuted!
Ouch! That really hurt!
You die...

###.####..†).....#..#
####.#########.##.....
#....(..# ...###.
#.##.##.# ...# # #.#
.# ...# #.# .# ...#
#.# .# ...# #.##.##S#
#### #....K@.#
####.#### #.# ... ##.#
#.# #.. ###


You could see an adder (slow) and a kobold.

Vanquished Creatures
  2 adders (D:2)
  3 endoplasms
  A giant cockroach (D:1)
  7 goblins
  6 hobgoblins
  2 jackals (D:1)
  3 quokkas (D:2)
  5 ball pythons
  6 bats
  A frilled lizard (D:2)
  3 kobolds (D:1)
  18 rats (D:2)
57 creatures vanquished.

Notes
Turn   | Place    | Note
-------+----------+-------------------------------------------
     0 | D:1      | jimonade the Deep Elf Hexslinger began the quest for the
                  | Orb.
     0 | D:1      | Reached XP level 1. HP: 11/11 MP: 5/5
   154 | D:1      | Reached skill level 3 in Ranged Weapons
   652 | D:1      | Reached XP level 2. HP: 16/16 MP: 6/6
  1081 | D:1      | You fall into a shaft and drop 1 floor!
  1163 | D:2      | Reached skill level 4 in Ranged Weapons
  1211 | D:2      | Reached XP level 3. HP: 1/20 MP: 7/7
  1676 | D:2      | Reached skill level 5 in Ranged Weapons
  1985 | D:2      | Reached XP level 4. HP: 24/24 MP: 8/8
  2125 | D:2      | Mangled by a kobold

Illustrated notes

Levels and vault maps discovered:
D:1:      dpeg_arrival_rooms_c, layout_basic, minmay_crystal_room
D:2:      layout_loops_cross, minmay_rat_hole

Skill      XL: |  1  2  3 |
---------------+----------+-----
Ranged Weapons | 3 4 5 |  5.4
Fighting       | |  0.7
Dodging        | |  2.4
Spellcasting   | |  1.5
Hexes          | |  4.6

Action                   |  1- 3 |  4- 6 || total
-------------------------+-------+-------++-------
 Fire: Sling             |   153 |    12 ||   165
 Cast: Slow              |       |     1 ||     1
Armor: Robe              |    37 |     3 ||    40
Dodge: Dodged            |    53 |     9 ||    62

Table legend: (Time is in decaauts)
 A = Elapsed time spent in this place.
 B = Non-inter-level travel time spent in this place.
 C = Inter-level travel time spent in this place.
 D = Time resting spent in this place.
 E = Time spent auto-exploring this place.
 F = Levels seen in this place.
 G = Mean time per level.
                   A        B        C        D        E       F      G
               +--------+--------+--------+--------+--------+-----+--------+
         Total |   2152 |   2152 |      0 |    208 |   1645 |   2 | 1076.0 |
       Dungeon |   2152 |   2152 |      0 |    208 |   1645 |   2 | 1076.0 |
               +--------+--------+--------+--------+--------+-----+--------+

Top non-repeatable levels by time:
     D:1: 1091 daAuts
     D:2: 1061 daAuts
